 Dungeon Crawl Stone Soup version 0.29-a0-830-gcb1280458a (webtiles) character file.

Game seed: 4463291966118530149

106 Bnni the Trooper (level 4, -1/37 HPs)
             Began as a Demonspawn Abyssal Knight on July 12, 2022.
             Was a Believer of Lugonu.
             Slain by a gnoll
             ... wielding a +0 spear
              (8 damage)
             ... on level 3 of the Dungeon.
             The game lasted 00:04:31 (2265 turns).

Bnni the Trooper (Demonspawn Abyssal Knight)        Turns: 2265, Time: 00:04:32

Health: -1/37      AC:  7    Str: 13    XL:     4   Next: 55%
Magic:  5/5        EV: 10    Int: 11    God:    Lugonu [**....]
Gold:   143        SH:  0    Dex: 16    Spells: 3/3 levels left

rFire   . . .      SeeInvis .   a - +1 falchion
rCold   . . .      Faith    .   (no shield)
rNeg    . . .      Spirit   .   e - +0 ring mail
rPois   .          Reflect  .   (helmet restricted)
rElec   .          Harm     .   d - +0 cloak
rCorr   .          Rampage  .   (no gloves)
Will    .....                   c - +0 pair of boots
Stlth   +.........              (no amulet)
HPRegen 0.12/turn               (no ring)
MPRegen 0.09/turn               (no ring)

@: no status effects
A: antennae 2
a: Renounce Religion, Depart the Abyss, Bend Space


You were on level 3 of the Dungeon.
You worshipped Lugonu.
Lugonu was pleased with you.
You visited 1 branch of the dungeon, and saw 3 of its levels.
You visited the Abyss 1 time.

You collected 143 gold pieces.

Inventory:

Hand Weapons
 a - a +1 falchion (weapon)
Armour
 b - a +0 leather armour
 c - a +0 pair of boots (worn)
 d - a +0 cloak (worn)
 e - a +0 ring mail (worn)
Wands
 n - a wand of digging (7)
Scrolls
 f - 2 scrolls of magic mapping {unknown}
 h - 3 scrolls of teleportation {unknown}
 i - a scroll of identify {unknown}
 j - a scroll of noise {unknown}
 l - 2 scrolls of enchant armour {unknown}
Potions
 g - 2 potions of curing {unknown}
 k - 3 potions of berserk rage {unknown}
 m - a potion of degeneration {unknown}


   Skills:
 + Level 3.9 Fighting
 * Level 3.7 Long Blades
 - Level 1.7 Armour
 - Level 0.8 Dodging
 - Level 2.4 Invocations


You had 3 spell levels left.
You didn't know any spells.
Your spell library contained the following spells:

 Spells                   Type           Power      Damage    Failure   Level
 Ozocubu's Armour         Ice            0%         N/A       92%         3
 Ozocubu's Refrigeration  Ice            0%         4d5       100%        7


Dungeon Overview and Level Annotations

Branches:
Dungeon (3/15)

Altars:


Innate Abilities, Weirdness & Mutations

You have a pair of antennae on your head.


Message History

You are held in a net!
You struggle against the net.
You struggle against the net.
The gnoll hits you with a +0 flail!
You shred the net and break free!
The gnoll hits you from afar with a +0 spear.
The gnoll hits you but does no damage.
You closely miss the gnoll.
The gnoll hits you from afar with a +0 spear.
The gnoll barely misses you.
The gnoll hits you from afar with a +0 spear.
The gnoll barely misses you.
You hit the gnoll.
The gnoll is heavily wounded.
The gnoll hits you from afar with a +0 spear.
The gnoll hits you with a +0 flail.
You are too injured to fight recklessly!
You are too injured to fight recklessly!
You hit the gnoll.
The gnoll is almost dead.
The gnoll hits you but does no damage. x2
You slash the gnoll!
You kill the gnoll!
Lugonu accepts your kill.
The gnoll hits you from afar with a +0 spear.
Okay, then.
The gnoll hits you with a +0 spear.
* * * LOW HITPOINT WARNING * * *
Items here: )) ††.
You barely miss the gnoll. The gnoll hits you with a +0 spear.
* * * LOW HITPOINT WARNING * * *
You hit the gnoll but do no damage. The gnoll barely misses you.
You barely miss the gnoll. The gnoll hits you with a +0 spear.
* * * LOW HITPOINT WARNING * * *
You hit the gnoll.
The gnoll is moderately wounded.
The gnoll closely misses you.
You hit the gnoll.
The gnoll is heavily wounded.
The gnoll hits you with a +0 spear!
You die...

#..# #####..#
..##...#..#
..........#######
..##.............
######.#######
#.# #.########.#
#.....@g...#
############


You could see a gnoll.

Vanquished Creatures
  3 adders (D:3)
  2 gnolls (D:3)
  A worm (D:3)
  A dart slug (D:1)
  5 orcs
  2 bats
  3 endoplasms (D:1)
  5 giant cockroaches
  6 goblins
  6 hobgoblins
  5 ball pythons
  A kobold (D:2)
  8 rats
48 creatures vanquished.

Notes
Turn   | Place    | Note
-------+----------+-------------------------------------------
     0 | Abyss:1  | Bnni the Demonspawn Abyssal Knight began the quest for the
                  | Orb.
     0 | Abyss:1  | Reached XP level 1. HP: 18/18 MP: 2/2
    15 | Abyss:1  | Found a corrupted altar of Lugonu.
    22 | Abyss:1  | Noticed a raiju
    31 | Abyss:1  | Noticed a stone giant skeleton
    32 | D:1      | Escaped the Abyss
   343 | D:1      | Found a faded altar of an unknown god.
   509 | D:1      | Gained mutation: You have a pair of small antennae on your
                  | head. [demonic ancestry]
   509 | D:1      | Reached XP level 2. HP: 24/24 MP: 3/3
  1110 | D:2      | Gained mutation: You have a pair of antennae on your head.
                  | [demonic ancestry]
  1110 | D:2      | Reached XP level 3. HP: 24/29 MP: 4/4
  2091 | D:3      | Reached XP level 4. HP: 37/37 MP: 5/5
  2265 | D:3      | Slain by a gnoll

Illustrated notes

Levels and vault maps discovered:
D:1:      minmay_arrival_five_plusses, layout_basic,
          ebering_ecumenical_altar_webs
D:2:      layout_basic, basic_altar
D:3:      minmay_spotlight, layout_loops_ring,
          mainiacjoe_overflow_surrounded_room

Skill      XL: |  1  2  3 |
---------------+----------+-----
Long Blades    | 2 3 |  3.7
Fighting       | |  3.9
Armour         | |  1.7
Dodging        | |  0.8
Invocations    | |  2.4

Action                   |  1- 3 |  4- 6 || total
-------------------------+-------+-------++-------
Melee: Falchion          |   120 |    24 ||   144
       Punch             |     3 |     1 ||     4
Invok: Depart the Abyss  |     1 |       ||     1
Armor: Ring mail         |    41 |    10 ||    51
       Leather armour    |     2 |       ||     2
Dodge: Dodged            |    58 |    12 ||    70

Table legend: (Time is in decaauts)
 A = Elapsed time spent in this place.
 B = Non-inter-level travel time spent in this place.
 C = Inter-level travel time spent in this place.
 D = Time resting spent in this place.
 E = Time spent auto-exploring this place.
 F = Levels seen in this place.
 G = Mean time per level.
                   A        B        C        D        E       F      G
               +--------+--------+--------+--------+--------+-----+--------+
         Total |   2287 |   2242 |     45 |    393 |   1452 |   4 |  571.8 |
       Dungeon |   2255 |   2210 |     45 |    393 |   1452 |   3 |  751.7 |
         Abyss |     32 |     32 |      0 |      0 |      0 |   1 |   32.0 |
               +--------+--------+--------+--------+--------+-----+--------+

Top non-repeatable levels by time:
     D:1: 1049 daAuts
     D:3: 632 daAuts
     D:2: 573 daAuts
 Abyss:1: 32 daAuts
